 Dungeon Crawl Stone Soup version 0.27.1-4-g1640c2035a (webtiles) character file.

Game seed: 14356037081391905616

97486 Turgor the Arsonist (level 15, -6/123 HPs)
             Began as a Demigod Fire Elementalist on Oct 30, 2021.
             Mangled by a shock serpent (14 damage)
             ... on level 3 of the Snake Pit on Oct 31, 2021.
             The game lasted 04:36:21 (36683 turns).

Turgor the Arsonist (Demigod Fire Elementalist)    Turns: 36683, Time: 04:36:21

Health: -6/123     AC: 14    Str:  9    XL:     15   Next: 28%
Magic:  37/37      EV:  9    Int: 37    God:
Gold:   2069       SH:  5    Dex: 14    Spells: 19/39 levels left

rFire    + . .     SeeInvis .   f - staff of fire
rCold    . . .     Faith    .   Q - +0 buckler
rNeg     . . .     Spirit   .   z - +2 robe {Will+}
rPois    +         Reflect  .   U - +2 hat {Stlth+}
rElec    .         Harm     .   S - +0 cloak
rCorr    .         Rampage  .   g - +0 pair of gloves
Will     ++...                  x - +1 pair of boots
Stlth    +++.......             (no amulet)
HPRegen  0.30/turn              y - ring of poison resistance
MPRegen  0.25/turn              A - +4 ring of protection

@: about to teleport, constricted
A: high mp 1, forlorn
a: no special abilities


You were on level 3 of the Snake Pit.
You visited 4 branches of the dungeon, and saw 24 of its levels.

You collected 2069 gold pieces.

Inventory:

Hand Weapons
 d - the +4 quarterstaff of Ru's Delight {freeze, +Blink rF+ rN++ Int+3}
   (You found it on level 4 of the Lair of Beasts)

   It freezes those it strikes, dealing additional cold damage.
   It can also slow down cold-blooded creatures.
   Int:       It affects your intelligence (+3).
   rF:        It protects you from fire.
   rN:        It greatly protects you from negative energy.
   +Blink:    It lets you blink.
 h - a +0 dagger of venom
 C - a +1 vampiric spear
 N - a +2 rapier of electrocution
Missiles
 e - 915 stones
 k - 13 silver javelins
 u - 3 curare-tipped darts
 w - 7 throwing nets
 V - 26 poisoned darts (quivered)
Armour
 g - a +0 pair of gloves (worn)
 x - a +1 pair of boots (worn)
 z - a +2 robe of willpower (worn)
 Q - a +0 buckler (worn)
 S - a +0 cloak (worn)
 U - a +2 hat of stealth (worn)
Magical Staves
 f - a staff of fire (weapon)
Jewellery
 o - a ring of wizardry
 y - a ring of poison resistance (left hand)
 A - a +4 ring of protection (right hand)
 L - a ring of flight
 Z - a ring of protection from fire
Wands
 s - a wand of digging (12)
 H - a wand of mindburst (15)
 J - a wand of flame (51)
 X - a wand of iceblast (7)
Scrolls
 i - 6 scrolls of teleportation
 m - 3 scrolls of amnesia
 n - 3 scrolls of noise {unknown}
 q - 2 scrolls of enchant armour {unknown}
 r - 3 scrolls of blinking {unknown}
 t - 2 scrolls of brand weapon {unknown}
 B - 3 scrolls of immolation
 D - 3 scrolls of magic mapping {unknown}
 E - 5 scrolls of fear {unknown}
 G - 2 scrolls of identify
 I - 2 scrolls of enchant weapon {unknown}
 M - 2 scrolls of fog {unknown}
 O - a scroll of torment {unknown}
 P - a scroll of silence {unknown}
 W - a scroll of summoning {unknown}
 Y - a scroll of holy word {unknown}
Potions
 a - a potion of berserk rage
 b - 3 potions of haste
 c - 16 potions of curing
 j - 2 potions of invisibility
 l - 6 potions of flight
 p - 5 potions of cancellation
 F - a potion of ambrosia
 K - a potion of might
 R - a potion of brilliance
 T - 4 potions of resistance


   Skills:
 + Level 8.5 Fighting
 - Level 2.0 Dodging
 - Level 2.0 Stealth
 - Level 4.0 Shields
 * Level 12.8 Spellcasting
 * Level 13.7 Conjurations
 * Level 13.9 Fire Magic
 + Level 4.6 Evocations


You had 19 spell levels left.
You knew the following spells:

 Your Spells              Type           Power      Damage    Failure   Level
a - Foxfire               Conj/Fire      100%       2x1d9     0%          1
b - Searing Ray           Conj           100%       3d7       0%          2
c - Conjure Flame         Conj/Fire      100%       6-21      0%          3
d - Hailstorm             Conj/Ice       65%        3d14      1%          4
f - Fireball              Conj/Fire      56%        3d22      1%          5
r - Animate Skeleton      Necr           46%        N/A       1%          1
s - Sticky Flame          Conj/Fire      100%       2d11      1%          4

Your spell library contained the following spells:

 Spells                   Type           Power      Damage    Failure   Level
 Magic Dart               Conj           100%       1d8       0%          1
 Pain                     Necr           92%        1d8       1%          1
 Inner Flame              Hex/Fire       85%        N/A       1%          3
 Fulminant Prism          Conj/Hex       32%        3d16      1%          4
 Ensorcelled Hibernation  Hex/Ice        46%        N/A       2%          2
 Confusing Touch          Hex            23%        N/A       4%          3
 Portal Projectile        Hex/Tloc       46%        N/A       4%          3
 Spider Form              Tmut/Pois      11%        N/A       4%          3
 Vampiric Draining        Necr           11%        2d7       4%          3
 Cause Fear               Hex            11%        N/A       16%         4
 Ice Form                 Ice/Tmut       23%        N/A       16%         4
 Blade Hands              Tmut           11%        N/A       41%         5
 Excruciating Wounds      Necr           11%        N/A       41%         5
 Shadow Creatures         Summ           N/A        N/A       94%         6
 Simulacrum               Ice/Necr       11%        N/A       94%         6
 Discord                  Hex            11%        N/A       100%        8
 Lehudib's Crystal Spear  Conj/Erth      32%        10d8      100%        8


Dungeon Overview and Level Annotations

Branches:
Dungeon (14/15)            Temple (0/1) D:5            Lair (6/6) D:9
 Shoals (0/4) Lair:3        Snake (3/4) Lair:2        Slime (0/5) Lair:6
    Orc (1/2) D:9
 Vaults: D:13-14

Shops:
D:12 [   D:13 [

Annotations:
D:14 Rupert
Orc:1 Erolcha


Innate Abilities, Weirdness & Mutations

Your attributes grow dramatically as you level up.
You have an increased reservoir of magic. (+10% MP)
You shall have no god before yourself.


Message History

A black mamba comes into view.
The guardian serpent is engulfed in blazing flames.
Flame seeps out of the guardian serpent.
The black mamba barely misses you. The shock serpent bites you!
The shock serpent shocks you!
The naga warrior hits you with a +0 scimitar!
* * * LOW HITPOINT WARNING * * *
The naga warrior hits you with a +0 hand axe.
* * * LOW HITPOINT WARNING * * *
The naga warrior constricts you.
* * * LOW HITPOINT WARNING * * *
The black mamba moves out of view.
Okay, then.
Unknown command.
You feel much better.
Flame seeps out of the guardian serpent.
The black mamba barely misses you.
The guardian serpent is engulfed in blazing flames.
Flame seeps out of the guardian serpent.
The guardian serpent hits you!
* * * LOW HITPOINT WARNING * * *
The shock serpent closely misses you. The black mamba bites you!
* * * LOW HITPOINT WARNING * * *
You are poisoned.
The black mamba poisons you!
The guardian serpent is engulfed in blazing flames.
Flame seeps out of the guardian serpent.
The guardian serpent hits you!
* * * LOW HITPOINT WARNING * * *
The naga warrior barely misses you.
The naga warrior hits you with a +0 hand axe!
* * * LOW HITPOINT WARNING * * *
The naga warrior constricts you.
* * * LOW HITPOINT WARNING * * *
You feel better.
Flame seeps out of the guardian serpent.
The shock serpent bites you.
* * * LOW HITPOINT WARNING * * *
The shock serpent shocks you!
You die...

.............##### ##......#
######)#####.....# #........
..........##.##..# #........
.............##..####........
.............................
...........####..####........
...........# #..# #........
...........####NS####........
.......>.......S@N...........
.................S##########+
..................°.#
#.................#.#
##.........######..........
#....##### ###.#...... ....#
......... ... .....
..........


You could see 2 naga warriors, a shock serpent (inner flame), a guardian serpent
(inner flame, poisoned) and a black mamba (inner flame).

Vanquished Creatures
  Gastronok (Lair:1)
  An ice dragon (Lair:6)
  7 naga warriors
  A salamander tyrant (Snake:1)
  3 boulder beetles
  Harold (D:9)
  A catoblepas (Lair:3)
  2 centaur warriors
  10 hydras
  7 two-headed ogres
  5 anacondas
  A death yak (Lair:6)
  5 naga sharpshooters (Snake:2)
  A deep elf knight (D:14)
  3 shock serpents (Snake:2)
  Sonja (D:11)
  2 salamander mystics
  A swamp dragon (Lair:6)
  A deep elf archer (D:14)
  A naga ritualist (Snake:2)
  A wizard (D:13)
  2 deep elf zephyrmancers (D:14)
  A deep elf pyromancer (D:14)
  2 lindwurms (Lair:6)
  2 ugly things (D:13)
  3 mana vipers
  6 cyclopes
  7 salamanders
  Maurice (D:12)
  7 naga magi
  23 black mambas
  2 guardian serpents
  4 elephants (Lair:3)
  6 torpor snails (Lair:6)
  9 cane toads
  2 unseen horrors
  3 yaktaurs (D:12)
  9 komodo dragons
  A troll (D:11)
  4 polar bears
  Grinder (D:3)
  3 tyrant leeches (Lair:6)
  9 hornets
  15 blink frogs
  4 dream sheep (Lair:5)
  13 slime creatures
  A centaur simulacrum (D:14)
  42 yaks
  4 wyverns
  3 steam dragons
  2 wraiths
  2 vampire mosquitoes (D:11)
  6 basilisks
  18 nagas
  2 acid dragons
  22 water moccasins
  2 swamp drakes (Lair:6)
  A hornet zombie (D:3)
  A sky beast (D:6)
  2 black bears (Lair:2)
  6 orc warriors
  A necrophage (D:4)
  3 ice beasts
  2 ogres
  34 wolves
  8 centaurs
  15 bullfrogs
  2 scorpions
  A water moccasin zombie (D:5)
  A water moccasin skeleton (D:5)
  A hornet simulacrum (D:14)
  15 killer bees
  A howler monkey (D:11)
  6 wights (D:9)
  An electric eel (Lair:2)
  3 centaur zombies
  A bullfrog zombie (D:5)
  4 hounds
  5 jellies
  10 orc priests
  2 centaur skeletons
  3 gnoll shamans
  2 iguanas
  Natasha (D:3)
  17 orc wizards
  5 hell rats (Lair:5)
  A howler monkey zombie (D:8)
  Robin (D:3)
  11 gnolls
  13 adders
  2 shadow imps (D:7)
  3 white imps
  2 ufetubi
  2 adder skeletons (D:4)
  2 worms
  A dart slug (D:3)
  37 orcs
  7 ball pythons
  2 bats (D:1)
  3 endoplasms
  2 giant cockroaches
  14 goblins
  10 hobgoblins
  2 jackals (D:2)
  9 kobolds
  8 quokkas
  7 frilled lizards
  7 rats
  A spectral hobgoblin (D:1)
600 creatures vanquished.

Vanquished Creatures (collateral kills)
  An orc wizard (D:6)
  4 foxfires
5 creatures vanquished.

Vanquished Creatures (others)
  A yak (Lair:6)
  832 foxfires
  51 fungi
  125 plants
1009 creatures vanquished.

Grand Total: 1614 creatures vanquished

Notes
Turn   | Place    | Note
-------+----------+-------------------------------------------
     0 | D:1      | Turgor the Demigod Fire Elementalist began the quest for
                  | the Orb.
     0 | D:1      | Reached XP level 1. HP: 14/14 MP: 5/5
    20 | D:1      | Reached skill level 1 in Conjurations
   361 | D:1      | Reached XP level 2. HP: 20/20 MP: 5/7
   872 | D:2      | Reached XP level 3. HP: 26/26 MP: 5/9
  1441 | D:2      | Reached XP level 4. HP: 33/33 MP: 5/10
  1570 | D:2      | Learned a level 4 spell: Sticky Flame
  1574 | D:2      | Learned a level 3 spell: Conjure Flame
  1880 | D:3      | Noticed Grinder
  1883 | D:3      | Paralysed by Grinder for 7 turns
  1902 | D:3      | Noticed Robin
  1911 | D:3      | Killed Robin
  2127 | D:3      | Noticed Natasha
  2230 | D:3      | Killed Grinder
  2231 | D:3      | Reached XP level 5. HP: 21/38 MP: 2/13
  2231 | D:3      | Reached XP level 6. HP: 25/45 MP: 2/14
  2445 | D:3      | Killed Natasha
  3489 | D:4      | Reached XP level 7. HP: 50/50 MP: 13/16
  3557 | D:4      | Reached skill level 5 in Fire Magic
  4274 | D:5      | Entered Level 5 of the Dungeon
  4716 | D:4      | Reached skill level 5 in Conjurations
  4812 | D:5      | Reached skill level 5 in Spellcasting
  4860 | D:5      | Reached XP level 8. HP: 57/57 MP: 14/19
  5001 | D:5      | Learned a level 5 spell: Fireball
  5235 | D:5      | Found a staircase to the Ecumenical Temple.
  5729 | D:6      | Learned a level 1 spell: Animate Skeleton
  5746 | D:6      | Reached skill level 1 in Fighting
  7059 | D:7      | Noticed a hornet
  7159 | D:7      | Reached XP level 9. HP: 67/67 MP: 15/21
  7461 | D:7      | Learned a level 2 spell: Searing Ray
  7852 | D:7      | Reached skill level 1 in Shields
  9572 | D:8      | Killed a large slime creature
  9573 | D:8      | Reached XP level 10. HP: 50/77 MP: 0/24
 10145 | D:8      | Identified the +0 pair of boots of Music {Str+3}
 10401 | D:8      | HP: 2/77 [troll (8)]
 10753 | D:9      | Noticed a two-headed ogre
 10762 | D:9      | Killed a two-headed ogre
 11106 | D:9      | Noticed Harold
 11477 | D:9      | Found a staircase to the Lair.
 11988 | Lair:1   | Entered Level 1 of the Lair of Beasts
 12551 | Lair:1   | Reached XP level 11. HP: 85/85 MP: 16/27
 12576 | Lair:1   | Noticed an eight-headed hydra
 12589 | Lair:1   | Killed an eight-headed hydra
 12832 | Lair:1   | Noticed Gastronok
 13301 | Lair:1   | Reached skill level 5 in Fighting
 13732 | Lair:1   | Killed Gastronok
 14035 | Lair:2   | Noticed an eight-headed hydra
 14039 | Lair:2   | Killed an eight-headed hydra
 14040 | Lair:2   | Reached skill level 10 in Fire Magic
 14164 | Lair:2   | Noticed a seven-headed hydra
 14331 | Lair:2   | Killed a seven-headed hydra
 14754 | Lair:2   | Noticed a seven-headed hydra
 14762 | Lair:2   | Killed a seven-headed hydra
 14943 | Lair:2   | Found a staircase to the Snake Pit.
 15172 | Lair:2   | Reached skill level 10 in Conjurations
 15179 | Lair:2   | Reached XP level 12. HP: 95/95 MP: 9/29
 15618 | Lair:2   | Got the Compendium of Damaging Fascination
 16564 | Lair:3   | Noticed a catoblepas
 16611 | Lair:3   | Killed a catoblepas
 16926 | Lair:3   | Found a staircase to the Shoals.
 17206 | Lair:3   | Reached skill level 10 in Spellcasting
 17635 | Lair:3   | Upgraded the game from 0.27.1-3-gb3d3a73c9e to
                  | 0.27.1-4-g1640c2035a
 18524 | Lair:4   | Identified the +4 quarterstaff of Ru's Delight {freeze,
                  | +Blink rF+ rN++ Int+3}
 19948 | Lair:6   | Entered Level 6 of the Lair of Beasts
 20059 | Lair:6   | Noticed an eight-headed hydra
 20212 | Lair:6   | Killed an eight-headed hydra
 20213 | Lair:6   | Reached XP level 13. HP: 105/105 MP: 13/32
 20622 | Lair:6   | Found a runed translucent door.
 22777 | Lair:6   | Found a runed translucent door.
 22780 | Lair:6   | Found a staircase to the Slime Pits.
 24001 | D:9      | Found a staircase to the Orcish Mines.
 24193 | D:9      | Killed Harold
 24521 | D:10     | Entered Level 10 of the Dungeon
 25146 | D:10     | Reached skill level 1 in Evocations
 25312 | D:11     | Noticed Sonja
 25357 | D:11     | Killed Sonja
 25937 | D:11     | Reached XP level 14. HP: 113/113 MP: 23/34
 26227 | D:12     | Noticed Maurice
 26229 | D:12     | Killed Maurice
 26955 | D:12     | Found Xitoe's Armour Boutique.
 27921 | D:12     | Identified the +3 fustibalus "Demigod's Curse" {flame,
                  | Drain rPois Str+6}
 28534 | D:13     | Found Vyijexui's Armour Shop.
 29014 | D:14     | Noticed Rupert
 29515 | Orc:1    | Entered Level 1 of the Orcish Mines
 29515 | Orc:1    | Noticed Erolcha
 29585 | Snake:1  | Entered Level 1 of the Snake Pit
 31875 | Snake:1  | Learned a level 4 spell: Hailstorm
 34249 | Snake:2  | Reached XP level 15. HP: 121/121 MP: 15/36
 36682 | Snake:3  | HP: 6/123 [naga warrior (7)]
 36682 | Snake:3  | HP: 1/123 [constriction (5)]
 36683 | Snake:3  | Mangled by a shock serpent

Illustrated notes

Levels and vault maps discovered:
D:1:      zelgadis_glass_arrival_small, layout_rooms,
          dreamdust_ecumenical_altar_drowned_temple
D:2:      minmay_evil_eye, layout_rooms, basic_altar
D:3:      layout_rooms, gammafunk_temple_overflow_elements, uniq_grinder,
          uniq_natasha, uniq_robin
D:4:      layout_basic, mainiacjoe_overflow_brackets, grunt_qazlal_sundering,
          minmay_three_crescents
D:5:      layout_cave_pools, mainiacjoe_overflow_24_doors,
          minmay_temple_entry_mini_moons
D:6:      layout_basic, minmay_stone_trees_small
D:7:      layout_gridville, grunt_tough_drop
D:8:      layout_basic
D:9:      layout_basic, nemelex_spade_bored_becter,
          grunt_lair_entry_orc_guard_hut, uniq_harold
D:10:     layout_cross
D:11:     layout_rooms, uniq_sonja
D:12:     layout_grid_maze, serial_shops, nicolae_diamond_shop,
          small_statue_intersection, uniq_maurice
D:13:     layout_rooms, serial_shops,
          nicolae_shop_temple_entry_statues_fountains
D:14:     layout_basic, david_vaults_5, minmay_misc_feat_room,
          serial_corexii_hall, corexii_hall_statues_x, corexii_hall_statues_l,
          nicolae_shop_sticking_my_neck_out, uniq_azrael, uniq_rupert
Lair:1:   layout_gridlike, serial_bayou_shore_a, uniq_gastronok
Lair:2:   layout_regular_city, minmay_snake_entry_spellcaster,
          columned_hall_lemuel, st_stairs_8, chequers_serial_rivers_micro_c,
          gammafunk_lair_bear_cave, lemuel_fruit_fields
Lair:3:   layout_regular_city, minmay_shoals_entry_centaurs, basic_altar,
          st_stairs_11, nicolae_quartered_pool_medium, serial_bayou_pond_b
Lair:4:   layout_cave_shapes, grunt_megastairs_3
Lair:5:   layout_roguey
Lair:6:   wormcave, layout_cellular_growth, guppyfry_lair_end_dragon,
          slime_altar_2, st_stairs_12, infiniplex_staircase_pool_2,
          lemuel_fruit_fields
Snake:1:  layout_honeycomb
Snake:2:  hangedman_cross_stitches, layout_layer_cave, special_room
Snake:3:  layout_gridlike, nicolae_snake_biting_tails
Orc:1:    layout_diamond_mine, special_room [special_room_bee], uniq_erolcha

Skill      XL: |  1  2  3  4  5  6  7  8  9 10 11 12 13 14 |
---------------+-------------------------------------------+-----
Conjurations   | 1 2 3 4 5 6 7 8 10 11 12 13 | 13.7
Spellcasting   | 2 3 4 5 6 7 8 9 10 11 12 | 12.8
Fire Magic     | 3 4 5 6 8 9 10 11 12 13 | 13.9
Dodging        | 2 |  2.0
Stealth        | 2 |  2.0
Fighting       | 2 3 4 5 7 8 |  8.5
Shields        | 2 3 4 |  4.0
Evocations     | 1 4 |  4.6

Action                   |  1- 3 |  4- 6 |  7- 9 | 10-12 | 13-15 || total
-------------------------+-------+-------+-------+-------+-------++-------
Melee: Staff             |     1 |     1 |     2 |    49 |    36 ||    89
       Spear             |       |       |    38 |    29 |       ||    67
       Rapier            |       |       |       |    14 |       ||    14
Throw: Stone             |       |       |       |     1 |       ||     1
       Dart              |       |       |       |    20 |    41 ||    61
 Cast: Foxfire           |    63 |    96 |   286 |    45 |       ||   490
       Conjure Flame     |       |     3 |    11 |    12 |     3 ||    29
       Sticky Flame      |       |     1 |    24 |    80 |    75 ||   180
       Animate Skeleton  |       |       |    11 |     8 |     5 ||    24
       Searing Ray       |       |       |     3 |     2 |     5 ||    10
       Fireball          |       |       |     2 |   146 |   299 ||   447
       Hailstorm         |       |       |       |       |    31 ||    31
Evoke: Wand              |       |       |     3 |     6 |    16 ||    25
  Use: Scroll            |       |     3 |     5 |     4 |    10 ||    22
       Potion            |       |       |     1 |     1 |     5 ||     7
Armor: Robe              |     6 |     4 |    40 |    60 |    70 ||   180
Dodge: Dodged            |     7 |     9 |    31 |    98 |   104 ||   249
Block: Buckler           |       |       |       |    22 |    37 ||    59
